 Dungeon Crawl Stone Soup version 0.29-a0-299-g4c793a2ed2 (webtiles) character file.

Game seed: 8642056626817814681

28 s4kkeboi the Skirmisher (level 2, -9/27 HPs)
             Began as a Minotaur Berserker on Mar 24, 2022.
             Was a Follower of Trog.
             Mangled by Crazy Yiuf
             ... wielding a +4 quarterstaff of chaos
              (10 damage)
             ... on level 2 of the Dungeon on Dec 5, 2022.
             The game lasted 00:02:58 (1739 turns).

s4kkeboi the Skirmisher (Minotaur Berserker)        Turns: 1739, Time: 00:03:00

Health: -9/27      AC:  2    Str: 21    XL:     2   Next: 96%
Magic:  1/1        EV: 12    Int:  4    God:    Trog [*.....]
Gold:   24         SH:  0    Dex:  9    Spells: 1/1 levels left

rFire   . . .      SeeInvis .   a - +0 hand axe
rCold   . . .      Faith    .   (no shield)
rNeg    . . .      Spirit   .   b - +0 animal skin
rPois   .          Reflect  .   (helmet restricted)
rElec   .          Harm     .   (no cloak)
rCorr   .          Rampage  .   (no gloves)
Will    .....                   (no boots)
Stlth   +.........              (no amulet)
HPRegen 0.09/turn               (no ring)
MPRegen 0.07/turn               (no ring)

@: hasted, very quick
A: horns 2, retaliatory headbutt
a: Renounce Religion, Berserk


You were on level 2 of the Dungeon.
You worshipped Trog.
Trog was aware of your devotion.
You visited 1 branch of the dungeon, and saw 2 of its levels.

You collected 24 gold pieces.

Inventory:

Hand Weapons
 a - a +0 hand axe (weapon)
Armour
 b - a +0 animal skin (worn)
Jewellery
 c - an amulet of faith
Scrolls
 d - a scroll of noise {unknown}


   Skills:
 + Level 4.2 Fighting
 + Level 4.1 Axes
 + Level 2.7 Armour
 + Level 2.4 Dodging


You had one spell level left.
You didn't know any spells.
Your spell library was empty.

Dungeon Overview and Level Annotations

Branches:
Dungeon (2/15)

Altars:

Annotations:
D:2 Crazy Yiuf


Innate Abilities, Weirdness & Mutations

You have a pair of horns on your head.
You reflexively headbutt those who attack you in melee.


Message History

The fungus is lightly damaged.
You hit the fungus.
The fungus is lightly damaged.
A nearby fungus withers and dies.
You hit the fungus.
The fungus begins to die.
The fungus is lightly damaged.
You hit the fungus.
The fungus begins to die.
You hit the fungus but do no damage.
The fungus is lightly damaged.
You hit the fungus. You hit the fungus. You headbutt the fungus.
The fungus is lightly damaged.
You hit the fungus. You hit the fungus but do no damage.
You headbutt the fungus, but do no damage.
The fungus is lightly damaged.
You hit the fungus.
A nearby fungus withers and dies.
You completely miss the fungus.
The fungus is lightly damaged.
A nearby fungus withers and dies.
Found a mace.
Found a runed translucent door.
Crazy Yiuf shouts!
You open the door. You hit Crazy Yiuf.
You headbutt Crazy Yiuf, but do no damage.
Crazy Yiuf is lightly wounded.
Crazy Yiuf hits you with a +4 quarterstaff of chaos!
Ouch! That really hurt!
You hit Crazy Yiuf.
Crazy Yiuf is heavily wounded.
Crazy Yiuf completely misses you. You furiously retaliate!
You headbutt Crazy Yiuf! You closely miss Crazy Yiuf.
Crazy Yiuf is almost dead.
Crazy Yiuf whimpers, "Goober!"
Crazy Yiuf hits you with a +4 quarterstaff of chaos!
* * * LOW HITPOINT WARNING * * *
You feel yourself speed up.
Crazy Yiuf hits you with a +4 quarterstaff of chaos!
You die...

### ..# #.# #.##
♣♣♣♣♣##..# ###
♣♣♣.♣....#.#
#...#♣..♣.....).#
#...g@♣♣♣♣......#
#)..#♣♣ ♣♣..).##
### ♣♣####


You could see Crazy Yiuf.

Vanquished Creatures
  2 dart slugs (D:1)
  2 bats (D:1)
  An endoplasm (D:1)
  A giant cockroach (D:1)
  4 goblins (D:1)
  A hobgoblin (D:1)
  5 kobolds (D:1)
  2 frilled lizards (D:1)
  4 rats (D:1)
22 creatures vanquished.

Vanquished Creatures (others)
  3 fungi (D:2)
3 creatures vanquished.

Grand Total: 25 creatures vanquished

Notes
Turn   | Place    | Note
-------+----------+-------------------------------------------
     0 | D:1      | s4kkeboi the Minotaur Berserker began the quest for the
                  | Orb.
     0 | D:1      | Reached XP level 1. HP: 19/19 MP: 0/0
   165 | D:1      | Reached XP level 2. HP: 27/27 MP: 1/1
  1732 | D:2      | Found a runed translucent door.
  1733 | D:2      | Noticed Crazy Yiuf
  1739 | D:2      | HP: 1/27 [Crazy Yiuf/+4 quarterstaff of chaos (11)]
  1739 | D:2      | Mangled by Crazy Yiuf

Illustrated notes

Levels and vault maps discovered:
D:1:      erik_arrival_orb_chamber, layout_basic, minmay_tromino_v7
D:2:      layout_basic, basic_altar, dreamdust_ecumenical_altar_statues,
          uniq_crazy_yiuf_cottage, uniq_sigmund

Skill      XL: |  1  2 |
---------------+-------+-----
Fighting       | 4 |  4.2
Axes           | 4 |  4.1
Armour         | |  2.7
Dodging        | |  2.4

Action                   || total
-------------------------++-------
Melee: Hand axe          ||    54
       Headbutt          ||     7
       Punch             ||     2
  Use: Potion            ||     2
       Scroll            ||     1
Armor: Animal skin       ||    15
Dodge: Dodged            ||    20

Table legend: (Time is in decaauts)
 A = Elapsed time spent in this place.
 B = Non-inter-level travel time spent in this place.
 C = Inter-level travel time spent in this place.
 D = Time resting spent in this place.
 E = Time spent auto-exploring this place.
 F = Levels seen in this place.
 G = Mean time per level.
                   A        B        C        D        E       F      G
               +--------+--------+--------+--------+--------+-----+--------+
         Total |   1744 |   1706 |     38 |    837 |    670 |   2 |  872.0 |
       Dungeon |   1744 |   1706 |     38 |    837 |    670 |   2 |  872.0 |
               +--------+--------+--------+--------+--------+-----+--------+

Top non-repeatable levels by time:
     D:1: 1718 daAuts
     D:2: 25 daAuts
